 Dungeon Crawl Stone Soup version 0.30-a0-43-gbbf338a72c (webtiles) character file.

Game seed: 5474954911770025794

145 QueenGhuleh the Chopper (level 5, 0/47 HPs)
             Began as a Minotaur Cinder Acolyte on Aug 31, 2022.
             Was a High Priest of Ignis.
             Killed from afar by a goblin (20 damage)
             ... with a bolt of light
             ... on level 3 of the Dungeon.
             The game lasted 00:04:24 (2276 turns).

QueenGhuleh the Chopper (Minotaur Cinder Acolyte)   Turns: 2276, Time: 00:04:25

Health: 0/47       AC:  8    Str: 20    XL:     5   Next: 6%
Magic:  5/5        EV:  7    Int: 11    God:    Ignis [*****.]
Gold:   120        SH:  0    Dex:  6    Spells: 6/6 levels left

rFire   + . .      SeeInvis .    k - +0 war axe
rCold   . . .      Faith    .    (no shield)
rNeg    . . .      Spirit   .    d - +0 chain mail
rPois   .          Reflect  +    (helmet restricted)
rElec   .          Harm     .    (no cloak)
rCorr   .          Rampage  .    (no gloves)
Will    .....                    (no boots)
Stlth   ..........               c - amulet of reflection
HPRegen 0.15/turn                (no ring)
MPRegen 0.09/turn                (no ring)

@: confused
A: horns 2, retaliatory headbutt
a: Renounce Religion, Fiery Armour, Foxfire Swarm, Rising Flame


You were on level 3 of the Dungeon.
You worshipped Ignis.
Ignis was extremely pleased with you.
You visited 1 branch of the dungeon, and saw 3 of its levels.

You collected 120 gold pieces.

Inventory:

Hand Weapons
 a - a -1 hand axe of flaming
 k - a +0 war axe (weapon)
Armour
 d - a +0 chain mail (worn)
Jewellery
 c - an amulet of reflection (around neck)
Scrolls
 b - a scroll of vulnerability {unknown}
 f - a scroll of blinking {unknown}
 g - 3 scrolls of identify {unknown}
 i - a scroll of immolation {unknown}
 j - a scroll of teleportation {unknown}
 l - a scroll of brand weapon {unknown}
 n - a scroll of torment {unknown}
Potions
 e - a potion of ambrosia {unknown}
 h - 2 potions of curing {unknown}
 m - a potion of might {unknown}


   Skills:
 + Level 4.5 Fighting
 + Level 5.0 Axes
 + Level 2.0 Armour
 + Level 1.2 Dodging
 + Level 1.2 Shields
 + Level 1.0 Spellcasting
 + Level 2.5 Fire Magic


You had 6 spell levels left.
You didn't know any spells.
Your spell library contained the following spells:

 Spells                   Type           Power      Damage    Failure   Level
 Scorch                   Fire           12%        2d5       88%         2


Dungeon Overview and Level Annotations

Branches:
Dungeon (3/15)

Altars:
Uskayaw
Zin

Shops:
D:1 (


Innate Abilities, Weirdness & Mutations

You have a pair of horns on your head.
You reflexively headbutt those who attack you in melee.


Message History

You kill the orc!
The foxfire hits the orc but does no damage.
The orc is moderately wounded.
The foxfire hits the orc but does no damage.
The foxfire hits the orc.
You kill the orc!
The foxfire hits the orc but does no damage. x2
The foxfire hits the orc.
The orc is severely wounded.
The foxfire hits the orc but does no damage.
The orc is severely wounded.
The foxfire hits the orc.
You kill the orc!
No target in view!
No target in view!
No target in view!
No target in view!
Your foxfire dissipates! x5
Things that are here:
a +0 dagger; an orc corpse A goblin comes into view.
It is wielding a +0 dagger of protection, wearing a +2 plate armour of cold resistance and carrying a wand of light (7).
The goblin shouts!
The goblin throws a stone.
The stone hits you but does no damage.
You see here a rat corpse.
The goblin hits you but does no damage.
You closely miss the goblin.
The goblin zaps a wand.
The bolt of light hits you!
You are confused.
You are too confused!
You are too confused!
You are too confused!
You are too confused!
You are too confused!
You are too confused!
You bump into the rock wall.
The goblin zaps a wand.
The bolt of light hits you.
You miss the goblin.
You headbutt the goblin, but do no damage.
The goblin zaps a wand.
The bolt of light hits you!!
You die...

......#### .# .....
..##.# .... ... .#
#...##.##.###
#...##......##
#####...#........#
.......#........##
......g@.†))......
##.#..#....)....##
#. #.#..#.#.))....#
. #...........#..#
###.
#.#..#...##....#
#....#####....##.##
#...#
#.##..........##.#
...#
#....<........##..
...#
.#..†...#..######
.## #


You could see a goblin.

Vanquished Creatures
  An orc priest (D:3)
  4 adders
  A worm (D:3)
  2 dart slugs
  7 orcs (D:3)
  3 endoplasms
  4 giant cockroaches
  3 goblins
  7 hobgoblins
  5 quokkas
  7 ball pythons
  6 bats
  3 frilled lizards
  8 kobolds
  6 rats
67 creatures vanquished.

Vanquished Creatures (others)
  17 foxfires (D:3)
  13 fungi (D:3)
30 creatures vanquished.

Grand Total: 97 creatures vanquished

Notes
Turn   | Place    | Note
-------+----------+-------------------------------------------
     0 | D:1      | QueenGhuleh the Minotaur Cinder Acolyte began the quest for
                  | the Orb.
     0 | D:1      | Reached XP level 1. HP: 19/19 MP: 1/1
   262 | D:1      | Reached XP level 2. HP: 27/27 MP: 2/2
   293 | D:1      | Reached skill level 4 in Axes
   450 | D:1      | Found Loun's Antique Weapon Shop.
   856 | D:2      | Reached XP level 3. HP: 33/33 MP: 3/3
   900 | D:2      | Found a glowing silver altar of Zin.
  1230 | D:2      | Identified the +3 scale mail of Depom {Fly Int-3 SInv}
  1339 | D:2      | Reached skill level 1 in Armour
  1373 | D:2      | Found a faded altar of an unknown god.
  1698 | D:3      | Reached skill level 1 in Shields
  1698 | D:3      | Reached XP level 4. HP: 40/40 MP: 4/4
  1903 | D:3      | Found a hide-covered altar of Uskayaw.
  2232 | D:3      | Reached skill level 5 in Axes
  2232 | D:3      | Reached skill level 1 in Dodging
  2233 | D:3      | Reached XP level 5. HP: 29/47 MP: 5/5
  2276 | D:3      | Killed from afar by a goblin

Illustrated notes

Levels and vault maps discovered:
D:1:      dpeg_arrival_rhombi, layout_loops_ring, serial_shops,
          nicolae_square_shop
D:2:      layout_loops_ring, chequers_ecumenical_altar_simple, basic_altar
D:3:      layout_loops_ring, mainiacjoe_overflow_chevrons,
          minmay_misc_feat_cross

Skill      XL: |  1  2  3  4 |
---------------+-------------+-----
Axes           | 4 5 |  5.0
Fighting       | 4 |  4.5
Armour         | 1 2 |  2.0
Shields        | 1 |  1.2
Dodging        | 1 |  1.2
Spellcasting   | |  1.0
Fire Magic     | |  2.5

Action                   |  1- 3 |  4- 6 || total
-------------------------+-------+-------++-------
Melee: Hand axe          |    88 |       ||    88
       Headbutt          |     9 |     4 ||    13
       War axe           |    39 |    38 ||    77
Invok: Foxfire Swarm     |       |     1 ||     1
Armor: Chain mail        |    67 |    27 ||    94
       Robe              |     1 |       ||     1
Dodge: Dodged            |    46 |    12 ||    58
Block: Other             |    27 |     6 ||    33

Table legend: (Time is in decaauts)
 A = Elapsed time spent in this place.
 B = Non-inter-level travel time spent in this place.
 C = Inter-level travel time spent in this place.
 D = Time resting spent in this place.
 E = Time spent auto-exploring this place.
 F = Levels seen in this place.
 G = Mean time per level.
                   A        B        C        D        E       F      G
               +--------+--------+--------+--------+--------+-----+--------+
         Total |   2303 |   2215 |     88 |      0 |   1775 |   3 |  767.7 |
       Dungeon |   2303 |   2215 |     88 |      0 |   1775 |   3 |  767.7 |
               +--------+--------+--------+--------+--------+-----+--------+

Top non-repeatable levels by time:
     D:2: 865 daAuts
     D:1: 843 daAuts
     D:3: 594 daAuts
